 Dungeon Crawl Stone Soup version 0.17-a0-1564-g7b572aa (webtiles) character file.

266 urechis the Ruffian (level 6, -14/59 HPs)
             Began as a Troll Monk on July 21, 2015.
             Demolished by an ogre
             ... wielding a +0 giant club
              (24 damage)
             ... on level 4 of the Dungeon.
             The game lasted 00:03:18 (2107 turns).

urechis the Ruffian (Troll Monk)                    Turns: 2107, Time: 00:03:18

Health: -14/59     AC:  7    Str: 22    XL:     6   Next: 0%
Magic:  5/5        EV: 10    Int:  6    God:
Gold:   37         SH:  0    Dex: 12    Spells: 0 memorised, 5 levels left

rFire  + . .     SeeInvis .       - Unarmed
rCold  . . .     Clarity  .     m - +2 robe {rF+}
rNeg   . . .     SustAt   .     (no shield)
rPois  +         Gourm    +     (helmet restricted)
rElec  .         Spirit   .     (no cloak)
rCorr  .         Warding  .     (gloves unavailable)
rMut   .         Stasis   .     (boots unavailable)
MR     .....                    (no amulet)
Stlth  +.........               (no ring)
                                i - ring of poison resistance

@: not resistant to hostile enchantments, very unstealthy
A: unfitting armour, claws 3, fast metabolism 3, gourmand, regeneration 2,
shaggy fur 1, tough skin 2
a: no special abilities


You were on level 4 of the Dungeon.
You were full.

You visited 1 branch of the dungeon, and saw 4 of its levels.

You collected 37 gold pieces.

Inventory:

Armour
 m - a +2 robe of fire resistance (worn)
Jewellery
 i - a ring of poison resistance (left claw)
Scrolls
 g - a scroll of identify {unknown}
 h - a scroll of teleportation {unknown}
 p - a scroll of fog {unknown}
 q - a scroll of fear {unknown}
 s - a scroll of blinking {unknown}
 t - a scroll of random uselessness {unknown}
 u - a scroll of remove curse {unknown}
Potions
 a - a potion of agility {unknown}
 c - 2 potions of brilliance {unknown}
 d - 3 potions of curing {unknown}
 e - a potion of cancellation {unknown}
 f - a potion of ambrosia {unknown}
 k - 2 potions of poison {unknown}
 l - 2 potions of flight {unknown}
 r - a potion of mutation {unknown}
 v - a potion of invisibility {unknown}
Comestibles
 b - 4 bread rations
 j - a beef jerky
 n - 3 fruits
 o - 3 meat rations


   Skills:
 - Level 2.4 Fighting
 - Level 2.4 Dodging
 - Level 1.1 Stealth
 + Level 7.3 Unarmed Combat


You had 5 spell levels left.
You didn't know any spells.

Dungeon Overview and Level Annotations

Branches:
Dungeon (4/15)
 Temple: D:4-7

Altars:
Kikubaaqudgha
Okawaru
Yredelemnul


Innate Abilities, Weirdness & Mutations

You are too large for most types of armour.
You have claws for hands.
Your metabolism is lightning-fast.
You like to eat raw meat.
You heal very quickly.
You are covered in fur (AC +1).
You have very tough skin (AC +2).


Message History

An orc wizard comes into view. It is wielding a dagger.
The ogre hits you with a giant club!!
Ouch! That really hurt!
The orc wizard shouts!
You scratch the ogre.
The ogre begins to bleed from its wounds!
The ogre is moderately wounded.
The ogre hits you with a giant club!!
* * * LOW HITPOINT WARNING * * *
You are too injured to fight recklessly!
You are too injured to fight recklessly!
You are too injured to fight recklessly!
You are too injured to fight recklessly!
You are too injured to fight recklessly!
You claw the ogre!
The ogre is heavily wounded.
You scratch the ogre but do no damage. You claw the ogre.
The ogre is severely wounded.
The ogre hits you with a giant club!!
You die...

#.)...#.##.##....#
####.#####.##.#
#..#
#....#####.##.# ..
#.............. .
##...#######>...
#.........# ....#
###.......# #.
#.).....#####..
##.....@O..o...
#.............
#......######.
#..[...# #......#
#......# ########


You could see an ogre (bleeding) and an orc wizard.

Vanquished Creatures
  An ogre (D:4)
  Jessica (D:2)
  Terence (D:2)
  Robin (D:2)
  3 adders
  An ooze (D:1)
  A worm (D:2)
  5 giant geckos
  11 bats
  6 giant cockroaches
  9 hobgoblins
  2 jackals (D:1)
  7 kobolds
  5 giant newts
  9 goblins
  12 rats
  A spectral orc (D:3)
76 creatures vanquished.

Notes
Turn   | Place    | Note
--------------------------------------------------------------
     0 | D:1      | urechis the Troll Monk began the quest for the Orb.
     0 | D:1      | Reached XP level 1. HP: 22/22 MP: 0/0
   223 | D:1      | Reached XP level 2. HP: 29/29 MP: 1/1
   562 | D:1      | Reached skill level 5 in Unarmed Combat
   594 | D:2      | Reached XP level 3. HP: 32/36 MP: 2/2
   670 | D:2      | Noticed Terence
   674 | D:2      | Killed Terence
   719 | D:2      | Reached XP level 4. HP: 37/44 MP: 3/3
   814 | D:2      | Noticed Robin
   852 | D:2      | Killed Robin
   979 | D:2      | Found an iron altar of Okawaru.
  1010 | D:2      | Reached skill level 6 in Unarmed Combat
  1019 | D:2      | Found an ancient bone altar of Kikubaaqudgha.
  1065 | D:2      | Noticed Jessica
  1074 | D:2      | Killed Jessica
  1359 | D:2      | Reached XP level 5. HP: 50/50 MP: 4/4
  1751 | D:3      | Found a basalt altar of Yredelemnul.
  2072 | D:4      | Noticed an ogre
  2080 | D:4      | Killed an ogre
  2080 | D:4      | Reached skill level 7 in Unarmed Combat
  2083 | D:4      | Reached XP level 6. HP: 59/59 MP: 5/5
  2101 | D:4      | Noticed an ogre
  2107 | D:4      | Demolished by an ogre

Vault maps used:
D:1:      scummos_arrival_gate
D:2:      okawaru_trees_1, lemuel_crystal_altar, uniq_terence, uniq_robin,
          uniq_jessica
D:3:      wad_crossroads, yredelemnul_forgotten_temple_becter
D:4:      first_bread

Action                   |  1- 3 |  4- 6 || total
-------------------------+-------+-------++-------
Melee: Unarmed           |    88 |   106 ||   194
 Stab: Sleeping          |     1 |     2 ||     3
  Eat: Chunk             |     6 |    15 ||    21
